 Dungeon Crawl Stone Soup version 0.30.1-11-g7821555f0a (webtiles) character file.

Game seed: 2904075689243190293

76 BigPumpCobain the Changer (level 4, 0/35 HPs)
             Began as a Draconian Transmuter on Dec 3, 2023.
             Slain by a black bear (7 damage)
             ... on level 2 of the Dungeon.
             The game lasted 00:02:25 (1659 turns).

BigPumpCobain the Changer (Draconian Transmuter)    Turns: 1659, Time: 00:02:25

Health: 0/35       AC:  2    Str: 12    XL:     4   Next: 12%
Magic:  5/7        EV: 19    Int: 16    God:
Gold:   91         SH:  0    Dex: 16    Spells: 3/7 levels left

rFire   . .          .
                       - Unarmed
rCold   + . .        (shield currently unavailable)
rNeg    . . .        (body armour unavailable)
rPois   x            (helmet currently unavailable)
rElec   .            (cloak currently unavailable)
rCorr   .            (gloves currently unavailable)
SInv    .            (boots currently unavailable)
Will    .....        (no amulet)
Stlth   +            e - ring of protection from cold
HPRegen 0.25/turn    (no ring)
MPRegen 0.10/turn

%: no passive effects
@: spider-form (expiring)
A: venomous fangs, AC +5, tiny, unfitting armour, (cold-blooded)
a: End Transformation


You were on level 2 of the Dungeon.
You were a venomous arachnid creature.
You visited 1 branch of the dungeon, and saw 2 of its levels.

You collected 91 gold pieces.

Inventory:

Magical Staves
 g - a staff of conjuration
Jewellery
 e - a ring of protection from cold (left front pincers)
 i - a ring of flight
Scrolls
 f - a scroll of teleportation {unknown}
 k - a scroll of vulnerability {unknown}
 l - a scroll of amnesia {unknown}
Potions
 a - a potion of lignification
 b - a potion of ambrosia
 c - a potion of might {unknown}
 d - a potion of invisibility {unknown}
 h - a potion of degeneration {unknown}
 j - a potion of mutation {unknown}
 m - a potion of flight {unknown}


   Skills:
 - Level 1.1 Fighting
 - Level 1.7 Dodging
 - Level 3.0 Unarmed Combat
 - Level 2.0 Spellcasting
 + Level 4.4 Transmutations


You had 3 spell levels left.
You knew the following spells:

 Your Spells              Type           Power      Damage    Failure   Level
a - Beastly Appendage     Tmut           30%        N/A       11%         1
b - Spider Form           Tmut/Pois      8%         N/A       47%         3

Your spell library contained the following spells:

 Spells                   Type           Power      Damage    Failure   Level
 Wereblood                Tmut           15%        N/A       14%         2
 Ice Form                 Ice/Tmut       8%         N/A       82%         4


Dungeon Overview and Level Annotations

Branches:
Dungeon (2/15)

Altars:
The Shining One


Innate Abilities, Weirdness & Mutations

You are a venomous arachnid creature.
You have venomous fangs.
You are tiny and dextrous.
Your spellcasting is less reliable in this form.
Your armour is entirely melded.
You are incapable of wielding weapons or throwing items.
((Your plain brown scales are hard. (AC +5)))
You cannot fit into any form of body armour.
((You are cold-blooded and may be slowed by cold attacks.))


Message History

You hit the black bear.
The black bear is lightly wounded.
A bat comes into view.
The black bear bites you. The black bear claws you. The black bear misses you.
The bat moves out of view.
You hit the black bear.
The black bear is poisoned.
The black bear is moderately wounded.
The black bear misses you. The black bear claws you. x2
The quokka completely misses you.
You bite the black bear!
The black bear is heavily wounded.
The quokka bites you. The black bear bites you.
The black bear barely misses you. x2
The quokka attacks as you move away! The quokka barely misses you.
The quokka attacks as you move away! The quokka closely misses you.
The bat closely misses you.
You barely miss the bat.
Your transformation is almost over.
The bat hits you.
You hit the quokka.
The quokka is heavily wounded.
The quokka completely misses you.
You bite the quokka!
You kill the quokka!
The bat barely misses you.
You hit the bat.
You kill the bat!
You barely miss the black bear.
The black bear is severely wounded.
The black bear looks more healthy.
The black bear goes berserk!
The black bear misses you.
The black bear claws you but does no damage.
The black bear misses you.
Found 6 gold pieces.
You hit the black bear but do no damage.
The black bear is severely wounded.
The black bear bites you!
* * * LOW HITPOINT WARNING * * *
The black bear closely misses you. The black bear claws you!
You die...

.## ##...## .#......
..###.....###... .#......
...#.......#...$ .#......
...#.......#.......##.#.<....
...#.......#.......#.........
..###.....###.....##.#.......
.## ##...## #...###.#......#
#######'#######'##.†.'.......
................sh.#.#.......
.....).............#.#......#
......†...........[#.#.......
#######'#######'##...#......#
.## ##...## ##.†.#######...##
..###.....###..†..## ..)#
...#.......#.......# ...#
...#.......#.......#
...#...[...#.......#


You could see a black bear (berserk).

Vanquished Creatures
  3 adders (D:2)
  A worm (D:2)
  4 bats
  3 endoplasms (D:1)
  2 giant cockroaches
  5 goblins
  4 hobgoblins
  3 kobolds (D:2)
  4 quokkas
  6 ball pythons
  4 frilled lizards
  6 rats (D:1)
45 creatures vanquished.

Notes
Turn   | Place    | Note
-------+----------+-------------------------------------------
     0 | D:1      | BigPumpCobain the Draconian Transmuter began the quest for
                  | the Orb.
     0 | D:1      | Reached XP level 1. HP: 16/16 MP: 3/3
   230 | D:1      | Reached XP level 2. HP: 23/23 MP: 3/5
   346 | D:1      | Reached skill level 3 in Transmutations
   904 | D:1      | Reached XP level 3. HP: 28/28 MP: 4/6
  1086 | D:2      | Learned a level 3 spell: Spider Form
  1132 | D:2      | Found a glowing golden altar of the Shining One.
  1254 | D:2      | Reached skill level 4 in Transmutations
  1359 | D:2      | Reached XP level 4. HP: 13/35 MP: 4/7
  1643 | D:2      | Noticed a black bear
  1659 | D:2      | Slain by a black bear

Illustrated notes

Levels and vault maps discovered:
D:1:      saegor_arrival_under_anarchy, layout_basic
D:2:      kennysheep_six_static_rooms, layout_basic, basic_altar

Skill      XL: |  1  2  3 |
---------------+----------+-----
Transmutations | 3 4 |  4.4
Fighting       | |  1.1
Dodging        | |  1.7
Unarmed Combat | |  3.0
Spellcasting   | |  2.0

Action                     |  1- 3 |  4- 6 || total
---------------------------+-------+-------++-------
  Melee: Unarmed           |    90 |    21 ||   111
         Kick              |    14 |     2 ||    16
         Tailslap          |    12 |     1 ||    13
         Headbutt          |     7 |     2 ||     9
   Cast: Beastly Appendage |    19 |     1 ||    20
         Spider Form       |     2 |     1 ||     3
    Use: Scroll            |     1 |       ||     1
 Armour: Skin              |    22 |     2 ||    24
  Dodge: Dodged            |    54 |    20 ||    74
